 Dungeon Crawl Stone Soup version 0.31-a0-145-g046c7d2549 (webtiles) character file.

Game seed: 1793223782158803402

9419 drugrobin the Spear-Bearer (level 11, -5/85 HPs)
             Began as a Demigod Delver on June 5, 2023.
             Shot with an arrow by a centaur warrior (13 damage)
             ... on level 10 of the Dungeon.
             The game lasted 00:49:23 (10540 turns).

drugrobin the Spear-Bearer (Demigod Delver)        Turns: 10540, Time: 00:49:23

Health: -5/85      AC:  6    Str: 27    XL:     11   Next: 3%
Magic:  17/17      EV: 14    Int: 10    God:
Gold:   140        SH:  0    Dex: 19    Spells: 12/14 levels left

rFire   + . .        a - +1 glaive (venom)
rCold   x . .        (shield currently unavailable)
rNeg    . . .        H - +0 troll leather armour
rPois   .            (helmet restricted)
rElec   .            (no cloak)
rCorr   .            s - +0 pair of gloves
SInv    .            I - +0 pair of boots
Will    +....        (no amulet)
Stlth   +++          G - +6 ring of strength
HPRegen 1.14/turn    o - ring of fire
MPRegen 0.15/turn

%: no passive effects
@: no status effects
A: high MP 1, forlorn, divine attributes, horns 1, dopey 1
a: no special abilities


You were on level 10 of the Dungeon.
You visited 1 branch of the dungeon, and saw 10 of its levels.

You collected 462 gold pieces.
You spent 322 gold pieces at shops.

Inventory:

Hand Weapons
 a - a +1 glaive of venom (weapon)
 b - a +1 vampiric glaive
 m - a +1 antimagic trident
 y - a +5 spear
 L - a +2 spear of venom
Missiles
 e - 13 poisoned darts
 l - 2 boomerangs (quivered)
 r - a javelin
Armour
 d - a +2 leather armour of fire resistance
 p - a +2 ring mail of fire resistance
 s - a +0 pair of gloves (worn)
 H - a +0 troll leather armour (worn)
 I - a +0 pair of boots (worn)
Magical Staves
 x - a staff of air
Jewellery
 h - a ring of poison resistance
 k - a ring of ice
 o - a ring of fire (right hand)
 G - a +6 ring of strength (left hand)
Wands
 g - a wand of digging (1)
 C - a wand of polymorph (4)
 D - a wand of charming (6)
 N - a wand of flame (8)
Scrolls
 c - 5 scrolls of fog
 j - 2 scrolls of torment
 n - 4 scrolls of teleportation
 u - a scroll of immolation
 v - a scroll of fear
 w - a scroll of butterflies
 E - 2 scrolls of enchant weapon
 J - 2 scrolls of amnesia
 K - 2 scrolls of vulnerability
 M - a scroll of enchant armour
Potions
 f - 4 potions of mutation
 i - a potion of ambrosia {unknown}
 q - a potion of heal wounds {unknown}
 t - 2 potions of might {unknown}
 z - 2 potions of lignification
 A - 5 potions of curing
 B - a potion of invisibility {unknown}
 F - a potion of brilliance {unknown}


   Skills:
 + Level 4.9 Fighting
 * Level 14.0 Polearms
 - Level 5.0 Dodging
 - Level 4.5 Stealth
 - Level 2.0 Spellcasting
 - Level 4.0 Evocations


You had 12 spell levels left.
You knew the following spells:

 Your Spells              Type           Power      Damage    Failure   Level
a - Call Imp              Summ           2%         N/A       45%         2

Your spell library contained the following spells:

 Spells                   Type           Power      Damage    Failure   Level
 Magic Dart               Conj           4%         1d3       34%         1
 Slow                     Hex            4%         N/A       34%         1
 Cigotuvi's Dreadful Rot  Necr/Pois/Air  2%         N/A       45%         2
 Confusing Touch          Hex            1%         N/A       71%         3
 Ignite Poison            Fire/Tmut/Pois 1%         N/A       71%         3
 Mephitic Cloud           Conj/Pois/Air  1%         N/A       71%         3
 Portal Projectile        Hex/Tloc       2%         N/A       71%         3
 Tukima's Dance           Hex            1%         N/A       71%         3
 Vampiric Draining        Necr           1%         2d6       71%         3
 Volatile Blastmotes      Fire/Tloc      2%         2d10      71%         3
 Fulminant Prism          Conj/Hex       0%         3d5       98%         4
 Iskenderun's Mystic Bla  Conj/Tloc      1%         2d3       98%         4
 Petrify                  Tmut/Erth      1%         N/A       98%         4
 Blade Hands              Tmut           0%         N/A       100%        5
 Freezing Cloud           Conj/Ice/Air   0%         6-21      100%        5
 Lee's Rapid Deconstruct  Erth           0%         3d4*      100%        5
 Metabolic Englaciation   Hex/Ice        0%         N/A       100%        5
 Conjure Ball Lightning   Conj/Air       0%         3x3d6     100%        6
 Statue Form              Tmut/Erth      0%         N/A       100%        6
 Discord                  Hex            0%         N/A       100%        8
 Disjunction              Tloc           0%         N/A       100%        8


Dungeon Overview and Level Annotations

Branches:
Dungeon (10/15)            Temple (0/1) D:5            Lair (0/5) D:9
    Orc (0/2) D:9

Shops:
D:1 ?   D:9 ([   D:10 (

Annotations:
D:4 exclusion: ogre
D:6 1 runed translucent door, Crazy Yiuf, Grinder
D:7 exclusion: sky beast, Maggie, Menkaure
D:8 3 runed translucent doors, hikkokomori's ghost, novice DgEE


Innate Abilities, Weirdness & Mutations

You have an increased reservoir of magic. (+10% MP)
You shall have no god before yourself.
Your divine heritage dramatically boosts your attributes as you level up.
You have a pair of small horns on your head.
You are dopey. (Int -2)


Message History

The deep elf pyromancer barely misses you.
Unknown command.
Unknown command.
Aiming: Charm
Press: ? - help, Shift-Dir - straight line, f/p - centaur warrior
Aim: a centaur warrior, wielding a staff of death (chance to affect: 41%)
The deep elf pyromancer resists with some effort.
The deep elf pyromancer hits you with a +0 dagger.
Unknown command.
Aiming: Charm
Press: ? - help, Shift-Dir - straight line, f/p - centaur warrior
Aim: a centaur warrior, wielding a staff of death (chance to affect: 41%)
The deep elf pyromancer is charmed.
The centaur warrior wields a +1 shortbow of freezing.
It is covered in frost.
The centaur warrior shoots an arrow.
The arrow hits your deep elf pyromancer!!
The arrow freezes your deep elf pyromancer.
You hear some strange, mumbled words.
Your deep elf pyromancer appears confused.
Unknown command.
Unknown command.
Unknown command.
Unknown command.
Unknown command.
Unknown command.
The centaur warrior shoots an arrow.
The arrow hits you! The arrow freezes you.
Unknown command.
Unknown command.
Unknown command.
Unknown command.
Unknown command.
Unknown command.
Unknown command.
Unknown command.
Unknown command.
Unknown command.
The centaur warrior shoots an arrow.
The arrow hits you!!
* * * LOW HITPOINT WARNING * * *
The arrow freezes you!
You die...

........))
.#######.#.##).#
.......#.#.....# #
...............# ###.
#.........#.#...# ...
#...........#...#
#####.####.........∩.#....
.........#.#####..)#####.#
.........@.# #...........
....e/#..#.#####..######.#
#.).c.†.......#.........
...##.##..........###.##.
#. ##.........# #.
#.#..#.##.# # #.##.#.##.#
#......##.# #....#<....


You could see a centaur warrior and a friendly deep elf pyromancer (charmed,
confused).

Vanquished Creatures
  Pikel (D:4)
  A troll (D:8)
  9 humans (D:10)
  A wraith (D:10)
  A wyvern (D:7)
  16 yaks
  9 water moccasins
  An orc warrior (D:8)
  5 black bears
  2 ice beasts
  2 centaurs
  2 kobold brigands
  2 lemures (D:4)
  2 phantoms
  9 bullfrogs
  2 scorpions (D:5)
  Dowan (D:5)
  12 wights
  7 killer bees (D:9)
  6 howler monkeys
  A lava snake (D:8)
  3 hounds
  A jelly (D:6)
  3 orc priests
  Ijyb (D:10)
  6 orc wizards
  12 gnolls
  12 adders
  7 river rats (D:6)
  4 worms
  4 dart slugs
  22 orcs
  8 bats
  2 endoplasms
  5 giant cockroaches
  6 goblins
  7 hobgoblins
  9 jackals
  8 quokkas
  6 ball pythons
  6 frilled lizards
  17 kobolds
  18 rats
259 creatures vanquished.

Vanquished Creatures (collateral kills)
  A wight (D:8)
  A jelly (D:8)
  2 orc wizards (D:8)
  An adder (D:5)
  5 orcs
10 creatures vanquished.

Vanquished Creatures (others)
  A human (shapeshifter) (D:8)
  Duvessa (D:5)
  A wight (D:8)
3 creatures vanquished.

Grand Total: 272 creatures vanquished

Notes
Turn   | Place    | Note
-------+----------+-------------------------------------------
     0 | D:5      | drugrobin the Demigod Delver began the quest for the Orb.
     0 | D:5      | Reached XP level 1. HP: 18/18 MP: 3/3
    18 | D:5      | Found a staircase to the Ecumenical Temple.
    19 | D:5      | Noticed a scorpion
    40 | D:5      | Noticed a hound
    69 | D:5      | Noticed a water moccasin
    78 | D:5      | Noticed an orc priest
    79 | D:5      | Noticed a scorpion
    83 | D:5      | Noticed an orc wizard
    90 | D:5      | Noticed an orc wizard
   371 | D:4      | Reached skill level 2 in Polearms
   605 | D:4      | Noticed a lemure
   606 | D:4      | Noticed Pikel
   608 | D:4      | Noticed a lemure
   608 | D:4      | Noticed a lemure
   738 | D:3      | Reached XP level 2. HP: 25/25 MP: 4/4
   874 | D:2      | Reached skill level 3 in Polearms
   988 | D:2      | Reached XP level 3. HP: 27/30 MP: 5/5
  1079 | D:1      | Found Pock's Magic Scroll Boutique.
  1124 | D:1      | Learned a level 2 spell: Call Imp
  1588 | D:1      | Reached skill level 4 in Polearms
  1978 | D:2      | Reached XP level 4. HP: 37/37 MP: 6/6
  2334 | D:2      | Reached skill level 1 in Spellcasting
  2888 | D:3      | Reached XP level 5. HP: 42/42 MP: 9/9
  2936 | D:4      | Noticed an ogre
  3223 | D:4      | Reached skill level 5 in Polearms
  3458 | D:4      | Gained mutation: You are dopey. (Int -2) [potion of
                  | mutation]
  3458 | D:4      | Gained mutation: You have a pair of small horns on your
                  | head. [potion of mutation]
  3883 | D:4      | Killed Pikel
  3884 | D:4      | Reached skill level 7 in Polearms
  3884 | D:4      | Reached XP level 6. HP: 41/50 MP: 11/11
  3884 | D:4      | Reached XP level 7. HP: 46/56 MP: 13/13
  4150 | D:5      | Noticed Duvessa
  4150 | D:5      | Noticed Dowan
  4165 | D:5      | Your ally Duvessa died
  4167 | D:5      | Killed Dowan
  4168 | D:5      | Reached skill level 1 in Evocations
  4363 | D:5      | Reached skill level 8 in Polearms
  4740 | D:5      | Reached XP level 8. HP: 47/62 MP: 8/14
  5167 | D:6      | Reached skill level 9 in Polearms
  5285 | D:6      | Found a runed translucent door.
  5286 | D:6      | Noticed Crazy Yiuf
  5473 | D:1      | Bought a scroll of identify for 26 gold pieces
  5473 | D:1      | Bought a scroll of identify for 26 gold pieces
  5473 | D:1      | Bought a scroll of teleportation for 39 gold pieces
  5473 | D:1      | Bought a scroll of teleportation for 39 gold pieces
  6088 | D:6      | Noticed Grinder
  6417 | D:6      | Reached skill level 10 in Polearms
  6902 | D:7      | Noticed Maggie
  6954 | D:7      | Noticed Menkaure
  6962 | D:6      | Reached XP level 9. HP: 59/68 MP: 15/15
  7297 | D:8      | Reached skill level 11 in Polearms
  7387 | D:8      | Identified the +8 great mace "Weapupas" {distort, rElec
                  | rPois Int-3}
  7646 | D:8      | Found a runed translucent gate.
  7646 | D:8      | Found a runed translucent gate.
  7646 | D:8      | Noticed hikkokomori's ghost (novice DgEE)
  7759 | D:8      | Found a runed translucent gate.
  8403 | D:8      | Reached skill level 12 in Polearms
  8820 | D:9      | Found Pexec's Armour Boutique.
  8820 | D:9      | Found a staircase to the Orcish Mines.
  8820 | D:9      | Found Xurueg's Weapon Boutique.
  9205 | D:9      | Reached XP level 10. HP: 65/74 MP: 6/16
  9209 | D:9      | Found a staircase to the Lair.
  9415 | D:9      | Bought a +1 glaive of venom for 192 gold pieces
  9727 | D:9      | Reached skill level 13 in Polearms
 10066 | D:10     | Entered Level 10 of the Dungeon
 10176 | D:10     | Reached skill level 5 in Dodging
 10346 | D:10     | Noticed Ijyb
 10365 | D:10     | Killed Ijyb
 10466 | D:10     | Reached skill level 14 in Polearms
 10472 | D:10     | Found Ben Ynop's Antique Weapon Boutique.
 10506 | D:10     | Reached XP level 11. HP: 85/85 MP: 17/17
 10531 | D:10     | Noticed a deep elf pyromancer
 10532 | D:10     | Noticed a centaur warrior
 10540 | D:10     | Shot with an arrow by a centaur warrior

Illustrated notes

Levels and vault maps discovered:
D:1:      saegor_arrival_simple_b, layout_loops_cross, serial_shops, shop,
          shapermc_ecumenical_altar_totnotflames, minmay_box_of_dots
D:2:      minmay_evil_eye, layout_rooms
D:3:      layout_rooms, chequers_temple_overflow_statue_of_worship,
          grunt_ministairs_11
D:4:      layout_gridville, uniq_pikel
D:5:      layout_basic, minmay_temple_entry_statues_pillars, uniq_duvessa
D:6:      lemuel_ratsnest, layout_basic, kennysheep_dice,
          uniq_crazy_yiuf_cottage, uniq_grinder
D:7:      layout_cave_pools, worldfamousw_hep_ancestral_shrine, uniq_menkaure,
          uniq_maggie
D:8:      layout_basic, nicolae_uskayaw_suspiria, gammafunk_ghost_ooze,
          minmay_radiant
D:9:      layout_stronghold, mainiacjoe_overflow_concentric_impassable,
          due_lair_maze_entry_diamond, orc_david_3
D:10:     erik_cavepeople, layout_basic, serial_shops, shop, minmay_checkerbox

Skill      XL: |  1  2  3  4  5  6  7  8  9 10 |
---------------+-------------------------------+-----
Polearms       | 2 3 4 7 8 10 12 14 | 14.0
Spellcasting   | 1 2 |  2.0
Evocations     | 2 4 |  4.0
Dodging        | 3 5 |  5.0
Fighting       | 4 |  4.9
Stealth        | |  4.5

Action                     |  1- 3 |  4- 6 |  7- 9 | 10-12 || total
---------------------------+-------+-------+-------+-------++-------
  Melee: Spear             |   163 |   160 |   397 |    21 ||   741
         Punch             |       |     1 |       |       ||     1
         Headbutt          |       |     3 |    73 |    31 ||   107
         Trident           |       |       |    43 |    34 ||    77
         Glaive            |       |       |       |   146 ||   146
  Throw: Boomerang         |     5 |    25 |    54 |    20 ||   104
         Javelin           |       |       |     2 |       ||     2
         Dart              |       |       |     1 |       ||     1
   Cast: Call Imp          |       |       |     7 |     1 ||     8
  Evoke: Wand              |     2 |       |     6 |     4 ||    12
    Use: Scroll            |     2 |       |     8 |     1 ||    11
         Potion            |     1 |     2 |     1 |       ||     4
   Stab: Sleeping          |     9 |     6 |     5 |     3 ||    23
         Distracted        |       |     1 |       |     1 ||     2
 Armour: Leather armour    |    11 |    24 |    27 |       ||    62
         Plate armour      |    41 |       |       |       ||    41
         Skin              |       |    12 |       |       ||    12
         Ring mail         |       |       |     3 |       ||     3
         Troll leather arm |       |       |    20 |    20 ||    40
  Dodge: Dodged            |    48 |    54 |   110 |    57 ||   269
  Block: Buckler           |       |     3 |    30 |    10 ||    43

Table legend: (Time is in decaauts)
 A = Elapsed time spent in this place.
 B = Non-inter-level travel time spent in this place.
 C = Inter-level travel time spent in this place.
 D = Time resting spent in this place.
 E = Time spent auto-exploring this place.
 F = Levels seen in this place.
 G = Mean time per level.
                   A        B        C        D        E       F      G
               +--------+--------+--------+--------+--------+-----+--------+
         Total |  10353 |   9542 |    811 |    716 |   5050 |  10 | 1035.3 |
       Dungeon |  10353 |   9542 |    811 |    716 |   5050 |  10 | 1035.3 |
               +--------+--------+--------+--------+--------+-----+--------+

Top non-repeatable levels by time:
     D:6: 1678 daAuts
     D:4: 1615 daAuts
     D:9: 1456 daAuts
     D:5: 1260 daAuts
     D:8: 1256 daAuts
     D:1: 1016 daAuts
     D:2: 775 daAuts
     D:3: 629 daAuts
    D:10: 479 daAuts
     D:7: 186 daAuts
